AoeStats
← Brisingr

Arabian Desert

510191808Analyzed
1v1 RM · 4d ago on Sep 29, 2026· 27m 37s· 2 players
Game mode
Random Map
Map size
Tiny (2 player)
Population
200
Speed
Normal
Resources
Standard
Victory
Conquest
Starting age
Dark Age
Ending age
Imperial Age
RankedLock teamsTeams togetherTeam positionsShared explorationLock speedFull tech treeHidden civsTurbo modeCheats
Victory
Defeat
🇵🇹 Magyars · Portugal
1539
+16
🇺🇸 Khmer · United States
1531
-16
cahik27
4:23 Loom
7:33 Feudal Age
8:10 Double-Bit Axe
11:35 Horse Collar
13:18 Wheelbarrow
22:36 Castle Age
21:08 Bloodlines
21:08 Gold Mining
21:54 Forging
22:51 Scale Barding Armor
23:26 Husbandry
24:04 Chain Barding Armor
23:12 Light Cavalry
26:08 Iron Casting
Brisingr
6:16 Loom
9:07 Feudal Age
9:49 Double-Bit Axe
9:57 Horse Collar
17:48 Wheelbarrow
20:37 Castle Age
20:36 Bloodlines
20:33 Scale Barding Armor
20:32 Gold Mining
21:44 Bow Saw
25:18 Chain Barding Armor
26:02 Hand Cart
26:27 Husbandry
Connection lost

Rejoining the realm…

Still unreachable

The connection could not be restored.

Session expired

The server has moved on; the page needs a fresh start.